 Dungeon Crawl Stone Soup version 0.29-a0-919-gd064cfad1c (webtiles) character file.

Game seed: 8779258634366946078

18 xian the Shooter (level 2, -18/17 HPs)
             Began as a Kobold Hunter on July 27, 2022.
             Killed by an exploding butterfly (19 damage)
             ... ignited by their inner flame
             ... on level 2 of the Dungeon.
             The game lasted 00:03:14 (995 turns).

xian the Shooter (Kobold Hunter)                     Turns: 995, Time: 00:03:15

Health: -18/17     AC:  3    Str:  8    XL:     2   Next: 85%
Magic:  2/2        EV: 14    Int: 10    God:
Gold:   61         SH:  0    Dex: 18    Spells: 1/1 levels left

rFire   . . .      SeeInvis .   a - +0 shortbow
rCold   . . .      Faith    .   (shield currently unavailable)
rNeg    . . .      Spirit   .   c - +0 leather armour
rPois   .          Reflect  .   (no helmet)
rElec   .          Harm     .   (no cloak)
rCorr   .          Rampage  .   (no gloves)
Will    .....                   (no boots)
Stlth   +++.......              (no amulet)
HPRegen 0.05/turn               d - ring of flight
MPRegen 0.08/turn               (no ring)

@: flying
A: small, no large weapons, nightstalker 3
a: no special abilities


You were on level 2 of the Dungeon.
You visited 1 branch of the dungeon, and saw 2 of its levels.

You collected 61 gold pieces.

Inventory:

Hand Weapons
 a - a +0 shortbow (weapon)
Missiles
 e - 6 curare-tipped darts
Armour
 c - a +0 leather armour (worn)
 g - a +0 scale mail
Jewellery
 d - a ring of flight (left hand)
Scrolls
 b - a scroll of immolation
Potions
 h - 2 potions of curing {unknown}


   Skills:
 + Level 2.2 Fighting
 + Level 6.2 Ranged Weapons
 + Level 0.1 Armour
 + Level 2.4 Dodging
 + Level 1.3 Stealth


You had one spell level left.
You didn't know any spells.
Your spell library contained the following spells:

 Spells                   Type           Power      Damage    Failure   Level
 Stone Arrow              Conj/Erth      0%         3d7       86%         3
 Animate Armour           Summ/Erth      0%         N/A       99%         4
 Lehudib's Crystal Spear  Conj/Erth      0%         10d2      100%        8


Dungeon Overview and Level Annotations

Branches:
Dungeon (2/15)

Altars:

Shops:
D:1 =[(


Innate Abilities, Weirdness & Mutations

You are small and have problems with some larger weapons.
You are completely attuned to the shadows.


Message History

The ball python bites you but does no damage.
The ball python completely misses you. The kobold attacks as you move away!
The kobold closely misses you. The rat bites you.
Okay, then.
Okay, then.
Okay, then.
Found a spear.
The ball python bites you but does no damage.
The ball python completely misses you. The ball python closely misses you. x2
The rat bites you but does no damage.
The ball python attacks as you move away!
The ball python bites you. The ball python barely misses you.
The kobold hits you with a +0 whip.
* * * LOW HITPOINT WARNING * * *
The rat bites you.
* * * LOW HITPOINT WARNING * * *
As you read the scroll labelled IFYMMU HAZUOSTU, it crumbles to dust.
You hear the tinkle of a tiny bell.
It was a scroll of butterflies.
The ball python barely misses you. The ball python grabs you.
The ball python constricts you.
The frilled lizard bites you but does no damage.
The kobold barely misses you. The rat barely misses you.
Really read the scroll of immolation?
As you read the scroll of immolation, it crumbles to dust.
The creatures around you are filled with an inner flame!
The ball python misses you. The ball python constricts you.
The frilled lizard closely misses you. The kobold closely misses you.
The rat closely misses you.
Really attack while wielding your +0 shortbow?
Okay, then.
You escape the ball python's grasp.
You swap places.
The frilled lizard misses you.
The rat twitches its whiskers.
The rat bites your butterfly.
Your butterfly disappears in a burst of colours!
Your butterfly explodes!
The fiery explosion engulfs you!!
Ouch! That really hurt!
You die...

.......##
.[......#
..!.....+
#..b.b.b...#
#...bbbb.$.#
#....K..####
#b...l.b#
..bb@Sr.#
.bb.b§§.#
....§§§.#
....bb..#
..)...b.#
......#


You could see a ball python (inner flame, ally target), a kobold (inner flame,
ally target), a frilled lizard (inner flame, ally target) and a rat (inner
flame, ally target).

Vanquished Creatures
  3 endoplasms (D:1)
  3 giant cockroaches (D:1)
  4 goblins (D:1)
  A hobgoblin (D:1)
  2 ball pythons (D:1)
  2 kobolds (D:1)
15 creatures vanquished.

Notes
Turn   | Place    | Note
-------+----------+-------------------------------------------
     0 | D:1      | xian the Kobold Hunter began the quest for the Orb.
     0 | D:1      | Reached XP level 1. HP: 12/12 MP: 1/1
   237 | D:1      | Found a faded altar of an unknown god.
   247 | D:1      | Reached XP level 2. HP: 17/17 MP: 2/2
   543 | D:1      | Found Jaotey's Weapon Shoppe.
   565 | D:1      | Reached skill level 6 in Ranged Weapons
   574 | D:1      | Found Viroant's Antique Armour Emporium.
   634 | D:1      | Found Seuweleu's Jewellery Shoppe.
   995 | D:2      | Killed by an exploding butterfly... ignited by their inner
                  | flame

Illustrated notes

Levels and vault maps discovered:
D:1:      dpeg_arrival_castle, layout_loops_ring,
          shapermc_ecumenical_altar_totnotflames, serial_shops,
          nicolae_shop_hallway_plus, nicolae_shop_overgrown_old_shop, shop
D:2:      layout_basic

Skill      XL: |  1  2 |
---------------+-------+-----
Ranged Weapons | 6 |  6.2
Fighting       | |  2.2
Armour         | |  0.1
Dodging        | |  2.4
Stealth        | |  1.3

Action                   || total
-------------------------++-------
 Fire: Shortbow          ||    35
  Use: Scroll            ||     2
Armor: Leather armour    ||    10
Dodge: Dodged            ||    22

Table legend: (Time is in decaauts)
 A = Elapsed time spent in this place.
 B = Non-inter-level travel time spent in this place.
 C = Inter-level travel time spent in this place.
 D = Time resting spent in this place.
 E = Time spent auto-exploring this place.
 F = Levels seen in this place.
 G = Mean time per level.
                   A        B        C        D        E       F      G
               +--------+--------+--------+--------+--------+-----+--------+
         Total |   1005 |    986 |     19 |      0 |    880 |   2 |  502.5 |
       Dungeon |   1005 |    986 |     19 |      0 |    880 |   2 |  502.5 |
               +--------+--------+--------+--------+--------+-----+--------+

Top non-repeatable levels by time:
     D:1: 991 daAuts
     D:2: 13 daAuts
